 Dungeon Crawl Stone Soup version 0.31-a0-237-g2d982f9f85 (webtiles) character file.

Game seed: 7241505240426595034

193 qw the Shooter (level 5, 0/30 HPs)
             Began as a Gargoyle Hexslinger on July 10, 2023.
             Slain by a gnoll
             ... wielding a +0 halberd
              (11 damage)
             ... on level 3 of the Dungeon.
             The game lasted 00:00:46 (1865 turns).

qw the Shooter (Gargoyle Hexslinger)                Turns: 1865, Time: 00:00:47

Health: 0/30       AC:  9    Str: 12    XL:     5   Next: 72%
Magic:  6/6        EV: 10    Int: 13    God:
Gold:   121        SH:  5    Dex: 14    Spells: 5/6 levels left

rFire   . . .        m - +1 sling (heavy)
rCold   . . .        (no shield)
rNeg    + . .        a - +0 ring mail
rPois   inf          (no helmet)
rElec   +            i - scarf {repulsion}
rCorr   .            (no gloves)
SInv    .            (no boots)
Will    .....        l - amulet of reflection
Stlth   +            (no ring)
HPRegen 0.25/turn    (no ring)
MPRegen 0.10/turn

%: repel missiles, reflection
@: no status effects
A: sickness immunity, AC +4, negative energy resistance 1, electricity
resistance, torment resistance 1, petrification resistance
a: no special abilities


You were on level 3 of the Dungeon.
You visited 1 branch of the dungeon, and saw 3 of its levels.

You collected 121 gold pieces.


Innate Abilities, Weirdness & Mutations

You are immune to sickness and miasma.
Your stone body is resilient. (AC +4)
You are immune to poison.
You resist negative energy. (rN+)
You are resistant to electric shocks. (rElec)
You are resistant to unholy torment.
You are immune to petrification.


   Skills:
 - Level 2.0 Fighting
 + Level 4.4 Ranged Weapons
 - Level 3.3 Armour
 - Level 1.5 Dodging
 - Level 1.0 Spellcasting
 - Level 2.6 Hexes


You had 5 spell levels left.
You knew the following spells:

 Your Spells              Type           Power      Damage    Failure   Level
a - Slow                  Hex            28%        N/A       21%         1

Your spell library contained the following spells:

 Spells                   Type           Power      Damage    Failure   Level
 Inner Flame              Hex/Fire       4%         N/A       71%         3
 Portal Projectile        Hex/Tloc       8%         N/A       71%         3
 Cause Fear               Hex            3%         N/A       89%         4

Inventory:

Hand Weapons
 m - a +1 heavy sling (weapon)
Armour
 a - a +0 ring mail (worn)
 i - a scarf of repulsion (worn)
Jewellery
 l - an amulet of reflection (around neck)
Scrolls
 f - 4 scrolls of identify
 h - 2 scrolls of enchant armour
Potions
 b - a potion of curing
 c - a potion of heal wounds
 g - a potion of enlightenment

Dungeon Overview and Level Annotations

Branches:
Dungeon (3/15)

Altars:
Xom


Message History

You shoot a sling bullet.
The sling bullet closely misses the quokka.
The quokka closely misses you. The quokka bites you.
You block the quokka's attack.
You shoot a sling bullet.
The sling bullet hits the quokka but does no damage.
You block the quokka's attack. The quokka bites you.
You shoot a sling bullet.
The sling bullet barely misses the quokka.
The quokka bites you but does no damage.
You block the quokka's attack.
You shoot a sling bullet. The sling bullet hits the quokka!
You kill the quokka!
You start resting.
HP restored.
There is an open door here.
Found a stone staircase leading down.
Enter note:
Enter note: You open the door.
There is an open door here.
You open the door. 4 gnolls come into view.
The gnoll shouts! x4
The gnoll hits you from afar with a +0 halberd.
There is an open door here.
Enter note:
Enter note:
1861 ||| Stepping ~*~*~tactically~*~*~ (outnumbered).
You start resting.
A gnoll is nearby!
You shoot a sling bullet. The sling bullet hits the gnoll.
The gnoll is moderately wounded.
The gnoll hits you with a +0 halberd! x2
You shoot a sling bullet. The sling bullet hits the gnoll!
The gnoll is almost dead.
You shoot a sling bullet. The sling bullet hits the gnoll.
The gnoll is almost dead.
The gnoll barely misses you. x2; The gnoll hits you with a +0 halberd!
You die...

##......##
##....[.## .#....###
.# ...###### .#
........# g#
.)......# g#
.#...#### ######g#
...#.# #....#g#
..##.########...@#.#
.##.........'...gg.#
.############....###
.# #....# .# #....#
.# ###### ># ##


You could see 2 gnolls.

Vanquished Creatures
  An ice beast (D:3)
  4 adders (D:2)
  A worm (D:2)
  5 orcs (D:3)
  8 ball pythons
  4 endoplasms
  2 giant cockroaches (D:2)
  4 hobgoblins
  5 kobolds
  5 quokkas
  5 bats
  2 goblins
  5 rats
51 creatures vanquished.

Notes
Turn   | Place    | Note
-------+----------+-------------------------------------------
     0 | D:1      | qw the Gargoyle Hexslinger began the quest for the Orb.
     0 | D:1      | Reached XP level 1. HP: 12/12 MP: 2/2
     0 | D:1      | 0 ||| qw: Version: 0.3-a-52-g30416fa
     0 | D:1      | 0 ||| qw: Game counter: 5220
     0 | D:1      | 0 ||| qw: Melee chars always use a shield: true
     0 | D:1      | 0 ||| qw: God list: Okawaru
     0 | D:1      | 0 ||| qw: Allow faded altars: false
     0 | D:1      | 0 ||| qw: Do Orc after clearing Dungeon:15 true
     0 | D:1      | 0 ||| qw: Do second Lair branch before Depths: true
     0 | D:1      | 0 ||| qw: Lair rune preference: random
     0 | D:1      | 0 ||| qw: Goals: Normal
     0 | D:1      | 0 ||| PLANNING D:1-11
   198 | D:1      | Reached XP level 2. HP: 16/16 MP: 3/3
   263 | D:1      | Reached skill level 3 in Ranged Weapons
   536 | D:1      | 536 ||| UPGRADING to scarf of repulsion.
   541 | D:1      | 541 ||| UPGRADING to +0 leather armour.
   551 | D:1      | 551 ||| DROPPING +0 robe.
   552 | D:1      | 552 ||| UPGRADING to amulet of reflection.
   557 | D:1      | 557 ||| READING scroll labelled KOUPPA IGRUOB.
   558 | D:1      | 558 ||| READING scroll labelled POUD YPREFAU.
   559 | D:1      | 559 ||| READING 3 scrolls labelled SIOSA VASU.
   560 | D:1      | 560 ||| READING 3 scrolls labelled LOXZOUMOMNEI.
   561 | D:1      | 561 ||| READING scroll labelled KAEPAY BE FIEH.
   564 | D:1      | 564 ||| READING 2 scrolls of identify.
   564 | D:1      | 564 ||| IDENTIFYING cyan potion
   565 | D:1      | 565 ||| DROPPING scroll of poison.
   648 | D:2      | Reached XP level 3. HP: 21/21 MP: 4/4
   648 | D:2      | Found a shimmering altar of Xom.
   957 | D:2      | Reached XP level 4. HP: 24/26 MP: 5/5
   973 | D:2      | Reached skill level 4 in Ranged Weapons
  1460 | D:2      | 1460 ||| UPGRADING to +0 ring mail.
  1470 | D:2      | 1470 ||| DROPPING +0 leather armour.
  1471 | D:2      | 1471 ||| DROPPING ring of wizardry.
  1472 | D:2      | 1472 ||| READING scroll labelled CILIUZORON.
  1473 | D:2      | 1473 ||| READING scroll labelled WOYSMA BUY.
  1474 | D:2      | 1474 ||| READING scroll labelled XOD PIORGHEPEU.
  1475 | D:2      | 1475 ||| DRINKING 2 lumpy pink potions.
  1476 | D:2      | 1476 ||| DRINKING 2 green potions.
  1507 | D:3      | Noticed an ice beast
  1515 | D:3      | Killed an ice beast
  1516 | D:3      | Reached skill level 3 in Armour
  1516 | D:3      | Reached XP level 5. HP: 12/30 MP: 6/6
  1861 | D:3      | 1861 ||| Stepping ~*~*~tactically~*~*~ (outnumbered).
  1865 | D:3      | Slain by a gnoll

Levels and vault maps discovered:
D:1:      erik_arrival_orb_chamber, layout_basic, minmay_tiny_reverse_x
D:2:      layout_basic, basic_altar, minmay_crystal_water, grunt_decor_cap,
          minmay_increasing_density
D:3:      layout_basic, mainiacjoe_overflow_alcove_2, ebering_ghost_sewer_d,
          serial_curves, eino_curves_02, eino_curves_01

Skill      XL: |  1  2  3  4 |
---------------+-------------+-----
Ranged Weapons | 3 4 |  4.4
Fighting       | 2 |  2.0
Armour         | 3 |  3.3
Dodging        | |  1.5
Spellcasting   | |  1.0
Hexes          | |  2.6

Action                     |  1- 3 |  4- 6 || total
---------------------------+-------+-------++-------
   Fire: Sling             |   123 |    60 ||   183
    Use: Scroll            |     6 |     3 ||     9
         Potion            |       |     2 ||     2
 Armour: Robe              |     2 |       ||     2
         Leather armour    |    15 |     5 ||    20
         Ring mail         |       |    18 ||    18
  Dodge: Dodged            |    38 |    24 ||    62
  Block: Other             |     4 |    22 ||    26
         Reflection        |       |     2 ||     2

Table legend:
 A = Non-vault XP
 B = Vault XP
 C = Vault XP percentage of total XP
 D = Non-vault monster count
 E = Vault monster count
 F = Vault count percentage of total count
                 A         B        C        D         E       F
            +---------+---------+-------+---------+---------+-------
      Total |     221 |      55 |  19.9 |      41 |      10 |  19.6
            +---------+---------+-------+---------+---------+-------
        D:1 |      24 |       4 |  14.3 |      14 |       2 |  12.5
        D:2 |      39 |      51 |  56.7 |      15 |       8 |  34.8
        D:3 |     158 |       0 |   0.0 |      12 |       0 |   0.0
            +---------+---------+-------+---------+---------+-------
